Map: Sludge City

Players

Night

  • Race: Protoss Protoss
  • League: Master
  • Spawn Location: 11:00

CatZ - Winner!

  • Race: Zerg Zerg
  • League: Grandmaster
  • Spawn Location: 5:00

Kelazhur - Winner!

  • Race: Terran Terran
  • League: Grandmaster
  • Spawn Location: 5:00

Lillekanin

  • Race: Terran Terran
  • Spawn Location: 9:00

VOD

Have the link to the VOD?

Description

Time

  • Played on: Aug. 23, 2016, 3:58 p.m.
  • Length: 17:11
Show
View Real Time Build Order
Export as new Build Order

Night Protoss 

Build Orders: 1 Gate Expand, Oracle Opening, Phoenix Opening 

Get SALT Encoding   

  12  0:01  Probe (Chrono Boost)  
  13  0:13  Probe (Chrono Boost)  
  14  0:18  Pylon  
  14  0:23  Probe (Chrono Boost)  
  15  0:36  Probe (Chrono Boost)  
  15  0:41  Gateway  
  16  0:46  Assimilator  
  16  0:51  Probe (Chrono Boost)  
  17  1:05  Probe (Chrono Boost)  
  18  1:18  Nexus  
  18  1:21  Probe (Chrono Boost)  
  19  1:31  Probe (Chrono Boost), Assimilator  
  20  1:40  Cybernetics Core  
  20  1:43  Probe (Chrono Boost)  
  21  1:54  Probe (Chrono Boost), Pylon  
  22  2:05  Probe (Chrono Boost)  
  24  2:15  Probe (Chrono Boost)  
  24  2:18  Stargate  
  24  2:26  Probe (Chrono Boost)  
  25  2:33  Probe (Chrono Boost)  
  25  2:35  Assimilator  
  25  2:36  Probe (Chrono Boost)  
  27  2:41  Stargate  
  27  2:43  Probe (Chrono Boost)  
  28  2:47  Probe (Chrono Boost)  
  29  2:54  Probe (Chrono Boost)  
  29  2:57  Probe (Chrono Boost)  
  31  3:03  Probe (Chrono Boost)  
  32  3:06  Assimilator  
  32  3:07  Oracle (Chrono Boost)  
  32  3:08  Probe  
  36  3:13  Probe  
  37  3:20  Probe  
  37  3:24  Probe  
  41  3:28  Phoenix (Chrono Boost)  
  41  3:32  Probe  
  41  3:34  Probe  
  40  3:41  Phoenix (Chrono Boost)  
  40  3:44  Probe  
  40  3:47  Probe  
  43  3:54  Pylon  
  46  3:59  Phoenix (Chrono Boost)  
  46  4:00  Pylon  
  46  4:04  Probe  
  46  4:05  Probe  
  45  4:12  Phoenix (Chrono Boost)  
  45  4:14  Probe  
  48  4:17  Probe  
  48  4:24  Nexus, Phoenix (Chrono Boost)  
  51  4:28  Probe  
  51  4:30  Probe  
  53  4:34  Phoenix (Chrono Boost)  
  55  4:42  Pylon  
  55  4:44  Probe  
  55  4:46  Probe, Phoenix (Chrono Boost)  
  57  4:54  Mothership Core, Pylon  
  57  4:57  Protoss Air Weapons Level 1, Pylon  
  59  5:04  Probe  
  59  5:05  Phoenix (Chrono Boost)  
  62  5:16  Phoenix (Chrono Boost)  
  62  5:19  Probe  
  62  5:20  Probe  
  68  5:30  Probe, Phoenix (Chrono Boost)  
  68  5:32  Assimilator  
  68  5:33  Probe  
  70  5:36  Probe  
  70  5:38  Pylon  
  70  5:40  Probe  
  72  5:45  Probe  
  72  5:46  Probe  
  74  5:51  Probe, Phoenix (Chrono Boost)  
  74  5:55  Phoenix (Chrono Boost)  
  80  5:57  Probe  
  80  6:02  Probe x2  
  80  6:06  Assimilator  
  80  6:10  Probe, Fleet Beacon  
  81  6:13  Phoenix (Chrono Boost)  
  85  6:20  Phoenix (Chrono Boost)  
  85  6:24  Probe  
  86  6:25  Pylon  
  86  6:30  Probe x2, Stargate  
  88  6:37  Nexus  
  88  6:39  Pylon  
  82  6:41  Phoenix (Chrono Boost)  
  86  6:47  Phoenix (Chrono Boost)  
  86  6:58  Anion Pulse-Crystals (Chrono Boost)  
  86  7:03  Phoenix, Forge  
  87  7:11  Phoenix  
  87  7:17  Phoenix  
  87  7:22  Pylon  
  89  7:28  Phoenix  
  91  7:34  Protoss Air Weapons Level 2 (Chrono Boost)  
  91  7:36  Phoenix  
  93  7:39  Pylon  
  93  7:42  Phoenix, Pylon  
  95  7:44  Forge  
  95  7:45  Nexus  
  95  7:53  Tempest  
  99  8:05  Tempest  
  103  8:07  Tempest  
  107  8:16  Pylon  
  107  8:18  Pylon  
  107  8:22  Pylon  
  107  8:25  Probe  
  107  8:26  Probe  
  109  8:27  Assimilator  
  109  8:29  Assimilator  
  109  8:36  Stargate, Tempest  
  109  8:39  Stargate  
  113  8:46  Probe  
  113  8:48  Probe  
  121  9:01  Photon Cannon  
  121  9:04  Photon Cannon  
  121  9:06  Photon Cannon  
  113  9:10  Tempest  
  113  9:13  Probe  
  113  9:14  Probe  
  113  9:15  Photon Cannon  
  120  9:18  Photon Cannon  
  120  9:22  Tempest  
  123  9:35  Tempest  
  123  9:43  Tempest  
  127  9:56  Tempest  
  131  10:09  Tempest  
  135  10:15  Probe  
  135  10:20  Tempest  
  140  10:23  Nexus  
  140  10:36  Tempest  
  98  10:57  Tempest x3  
  110  11:08  Probe, Tempest  
  110  11:09  Probe  
  115  11:15  Assimilator  
  115  11:18  Assimilator  
  114  11:19  Probe, Tempest  
  114  11:20  Probe x2  
  114  11:22  Probe  
  122  11:25  Pylon  
  122  11:27  Pylon  
  122  11:30  Probe  
  121  11:40  Tempest  
  121  11:42  Mothership Core, Tempest  
  131  11:50  Probe  
  131  11:51  Probe  
  131  11:52  Probe  
  134  11:55  Probe  
  135  12:04  Twilight Council  
  135  12:06  Warp Gate (Chrono Boost)  
  135  12:12  Tempest  
  139  12:19  Tempest  
  143  12:24  Tempest  
  145  12:41  Tempest x2  
  153  12:57  Tempest  
  157  13:12  Oracle  
  157  13:19  Pylon  
  132  13:28  Tempest x3  
  143  13:39  Tempest  
  142  13:43  Probe x2  
  142  13:44  Probe x2  
  142  13:45  Probe  
  142  13:48  Tempest  
  146  14:04  Nexus  
  142  14:10  Tempest  
  142  14:12  Pylon  
  142  14:13  Pylon  
  146  14:17  Tempest x2  
  146  14:18  Pylon  
  146  14:22  Tempest  
  158  14:25  Assimilator  
  158  14:29  Assimilator  
  158  14:43  Photon Cannon  
  158  14:54  Photon Cannon  
  121  15:18  Tempest x5  
  120  15:36  Nexus  
  120  15:49  Probe x2  
  120  15:50  Probe x2  
  120  15:51  Probe  
  125  16:00  Probe  
  125  16:01  Tempest  
  125  16:03  Probe  
Show
View Real Time Build Order
Export as new Build Order

CatZ Zerg - Winner!

Build Orders: 3 Hatch before Pool 

Get SALT Encoding   

  12  0:01  Drone  
  13  0:13  Overlord  
  13  0:18  Drone  
  14  0:31  Drone x2  
  16  0:36  Drone  
  17  0:57  Hatchery  
  17  1:00  Drone  
  17  1:02  Drone  
  19  1:11  Drone  
  19  1:29  Hatchery  
  18  1:35  Drone  
  19  1:45  Spawning Pool  
  18  1:47  Drone  
  18  1:52  Drone  
  20  1:54  Drone  
  21  2:04  Drone  
  22  2:13  Drone x2  
  24  2:23  Overlord  
  24  2:26  Drone  
  25  2:31  Queen  
  25  2:32  Drone  
  28  2:38  Overlord  
  28  2:40  Queen  
  28  2:41  Queen  
  28  2:42  Drone  
  33  2:49  Extractor, Drone x2  
  34  2:52  Drone x2  
  34  2:55  Drone  
  34  2:56  Extractor  
  36  3:03  Drone  
  36  3:04  Drone  
  38  3:05  Drone  
  38  3:07  Queen  
  41  3:13  Overlord  
  41  3:16  Queen  
  41  3:19  Queen  
  45  3:20  Drone  
  46  3:27  Roach Warren  
  46  3:28  Drone x2  
  46  3:31  Spore Crawler, Evolution Chamber  
  46  3:33  Spore Crawler  
  44  3:37  Spore Crawler  
  44  3:38  Drone  
  44  3:40  Drone  
  45  3:42  Drone  
  45  3:43  Drone  
  45  3:45  Drone  
  45  3:46  Drone  
  49  3:51  Lair  
  49  3:57  Metabolic Boost  
  49  3:59  Drone x3  
  52  4:03  Drone x3  
  52  4:07  Drone x2  
  52  4:09  Extractor  
  56  4:10  Overlord  
  56  4:16  Zerg Missile Weapons Level 1  
  56  4:17  Overlord  
  56  4:19  Drone x2  
  58  4:26  Overlord  
  58  4:32  Overlord  
  58  4:41  Overlord  
  58  4:44  Overlord  
  58  4:46  Extractor, Drone x5  
  58  4:47  Drone x4  
  58  4:50  Hydralisk Den  
  58  4:52  Extractor  
  64  4:53  Overlord  
  64  4:58  Drone x3  
  67  5:00  Overlord  
  67  5:03  Glial Reconstitution  
  67  5:10  Extractor  
  67  5:13  Overlord x2  
  66  5:18  Drone  
  66  5:19  Drone x2  
  69  5:23  Muscular Augments, Hydralisk  
  69  5:24  Hydralisk x2  
  75  5:30  Hydralisk x2  
  75  5:33  Hydralisk  
  81  5:38  Overlord x2  
  81  5:40  Hydralisk x2  
  85  5:46  Hydralisk x2  
  88  5:55  Hydralisk x3  
  93  6:05  Hydralisk  
  93  6:06  Hydralisk x3  
  93  6:09  Zergling x12  
  107  6:13  Hydralisk x2  
  107  6:16  Drone x3  
  114  6:23  Infestation Pit  
  114  6:24  Roach x3  
  114  6:25  Roach  
  121  6:29  Zergling x12  
  127  6:33  Hatchery  
  125  6:45  Drone x3  
  125  6:46  Drone x3  
  131  6:51  Zerg Missile Weapons Level 2  
  131  7:04  Drone x3  
  134  7:09  Hive  
  134  7:12  Roach  
  134  7:13  Overlord  
  136  7:18  Overlord  
  136  7:23  Evolution Chamber  
  136  7:29  Overlord  
  135  7:36  Drone x8  
  143  7:37  Overlord  
  143  7:47  Hydralisk  
  143  7:48  Hydralisk x8  
  161  7:53  Zerg Ground Armor Level 1  
  161  7:57  Extractor  
  159  7:59  Spine Crawler  
  159  8:00  Spore Crawler  
  159  8:01  Overlord  
  159  8:03  Extractor  
  148  8:06  Infestor x4  
  156  8:19  Drone x5  
  161  8:20  Overlord  
  161  8:22  Viper  
  161  8:23  Viper  
  167  8:28  Hatchery  
  167  8:33  Viper  
  169  8:36  Drone x4  
  169  8:37  Drone x4  
  169  8:40  Overlord  
  177  8:41  Viper  
  177  8:47  Overlord  
  180  8:58  Spire  
  176  9:10  Overlord  
  176  9:18  Roach x8  
  176  9:19  Roach x3  
  176  9:20  Drone  
  176  9:23  Spore Crawler  
  176  9:24  Overlord  
  198  9:26  Spore Crawler  
  196  9:55  Extractor  
  170  10:45  Hydralisk x16  
  170  10:46  Hydralisk  
  199  10:53  Hydralisk x5  
  167  11:12  Greater Spire  
  167  11:16  Viper x3  
  167  11:17  Viper x2  
  182  11:27  Zerg Ground Armor Level 2, Zerg Missile Weapons Level 3  
  182  11:29  Extractor  
  180  11:34  Spore Crawler, Drone  
  180  11:35  Drone x6  
  180  11:38  Spore Crawler, Drone x5  
  185  11:42  Hatchery  
  184  11:51  Pathogen Glands  
  184  11:52  Corruptor x7  
  198  12:14  Hatchery  
  197  12:27  Zerg Flyer Weapons Level 1  
  197  12:36  Zergling x6  
  200  12:46  Overseer x2  
  200  12:47  Pneumatized Carapace  
  190  13:26  Viper x3  
  196  13:33  Evolution Chamber x2  
  196  13:34  Evolution Chamber  
  152  13:52  Hydralisk x17  
  152  13:53  Hydralisk x6  
  160  14:06  Hydralisk  
  160  14:07  Hydralisk x18  
  194  14:10  Drone x5  
  196  14:21  Zerg Flyer Armor Level 1  
  196  14:26  Hatchery  
  195  14:32  Zerg Melee Weapons Level 1, Zerg Ground Armor Level 3  
  195  14:40  Hydralisk x3  
  195  14:41  Extractor  
  195  14:45  Extractor, Overseer x2  
  170  15:19  Viper  
  170  15:20  Viper x3  
  167  15:23  Zergling x40  
  167  15:24  Zergling x6  
  188  15:28  Hydralisk x2  
  188  15:29  Hydralisk x4  
  180  16:15  Hydralisk x6  
  180  16:16  Hydralisk x10  
Show
View Real Time Build Order
Export as new Build Order

Kelazhur Terran - Winner!

Build Orders: Cyclone Opening, Reaper Expand 

Get SALT Encoding   

  12  0:00  SCV  
  13  0:13  SCV  
  14  0:18  Supply Depot  
  14  0:25  SCV  
  14  0:27  Refinery  
  15  0:39  SCV  
  16  0:45  Barracks  
  16  0:51  SCV  
  17  1:03  SCV  
  18  1:15  SCV  
  19  1:31  Orbital Command  
  19  1:33  Reaper  
  20  1:55  Factory, Command Center  
  20  1:58  SCV  
  21  2:05  Barracks Tech Lab  
  21  2:08  Supply Depot  
  21  2:12  SCV  
  22  2:19  Refinery  
  22  2:24  SCV  
  23  2:38  SCV  
  24  2:46  Cyclone  
  24  2:50  SCV  
  29  3:01  Factory  
  29  3:02  SCV  
  30  3:05  Barracks Reactor  
  30  3:08  Orbital Command  
  30  3:14  SCV  
  31  3:25  Cyclone  
  35  3:27  SCV  
  36  3:44  SCV  
  36  3:47  SCV  
  37  3:54  Hellion x2  
  41  3:56  SCV, Engineering Bay  
  41  3:58  Cyclone  
  46  4:09  Supply Depot  
  46  4:11  Supply Depot  
  46  4:15  Mag-Field Accelerator  
  46  4:23  Armory  
  46  4:26  SCV x2  
  46  4:27  Hellion  
  48  4:31  Hellion  
  48  4:33  Hellion  
  44  4:38  SCV x2  
  44  4:39  Missile Turret  
  44  4:40  Missile Turret  
  46  4:48  Hellion  
  46  4:50  SCV x2  
  46  4:52  Refinery  
  52  4:53  Refinery, Hellion  
  52  4:58  Cyclone  
  52  4:59  Supply Depot  
  56  5:03  SCV x2  
  55  5:15  SCV x2, Hellion x2  
  61  5:23  Terran Vehicle Weapons Level 1, Missile Turret  
  61  5:27  SCV  
  62  5:33  SCV  
  62  5:35  Starport, Supply Depot  
  63  5:39  Hellion x3  
  63  5:41  SCV  
  69  5:47  Barracks Reactor  
  69  5:48  SCV  
  70  5:57  SCV  
  70  6:00  SCV  
  70  6:04  Hellion x3  
  70  6:05  Infernal Pre-Igniter  
  70  6:07  Supply Depot  
  70  6:09  SCV  
  71  6:13  Liberator x2  
  71  6:15  Starport  
  71  6:16  SCV  
  72  6:21  SCV  
  73  6:26  Hellion x2  
  83  6:34  Supply Depot  
  83  6:40  Barracks Tech Lab  
  83  6:42  SCV  
  86  6:47  Hellion  
  86  6:56  Hellion x2  
  86  6:59  Supply Depot  
  90  7:04  Liberator x3  
  90  7:12  Hellion  
  90  7:14  Command Center  
  92  7:17  Terran Ship Weapons Level 1  
  92  7:22  Supply Depot  
  101  7:28  SCV  
  102  7:33  Supply Depot, SCV  
  103  7:43  Missile Turret  
  103  7:47  Liberator x2  
  103  7:49  Hellion x3  
  107  7:58  Missile Turret  
  107  8:03  Armory  
  107  8:04  SCV x2  
  115  8:05  Liberator  
  115  8:09  Refinery  
  115  8:16  SCV  
  116  8:22  Hellion x3  
  116  8:25  Supply Depot, SCV  
  126  8:28  SCV, Refinery  
  126  8:31  Orbital Command  
  125  8:34  Liberator x2  
  125  8:37  SCV  
  125  8:41  Supply Depot  
  126  8:43  SCV  
  127  8:48  Liberator  
  133  8:57  SCV  
  134  9:13  Terran Ship Weapons Level 2  
  134  9:14  Terran Vehicle And Ship Armor Level 1  
  134  9:15  Hellion x3  
  140  9:17  Liberator x2  
  140  9:18  SCV x3  
  140  9:23  Supply Depot x3  
  141  9:30  SCV  
  142  9:31  Liberator  
  142  9:48  Hellion  
  142  9:49  Hellion x2  
  148  9:54  SCV x3  
  148  9:55  Fusion Core  
  151  10:06  Liberator x2, SCV  
  152  10:10  Hellion x3  
  158  10:22  Liberator  
  155  10:31  Hellion x2  
  155  10:32  Starport  
  153  10:49  Liberator x2  
  113  10:52  Hellion  
  113  10:53  Hellion x2  
  107  11:04  Liberator  
  103  11:05  Liberator  
  105  11:13  Hellion  
  105  11:14  Hellion x2  
  109  11:26  Command Center  
  109  11:27  Supply Depot  
  109  11:28  Terran Vehicle And Ship Armor Level 2  
  109  11:32  Liberator x2  
  109  11:38  Command Center  
  109  11:45  Hellion x3  
  109  11:46  Liberator  
  121  11:56  Liberator  
  121  11:57  Advanced Ballistics  
  124  12:12  Hellion x3  
  124  12:14  Liberator  
  124  12:15  Liberator  
  129  12:29  Liberator  
  131  12:37  Command Center  
  131  12:39  Liberator  
  129  12:44  SCV x2  
  129  12:48  SCV  
  134  12:56  SCV  
  134  12:57  Liberator x2  
  138  13:12  Liberator  
  144  13:22  Liberator  
  144  13:26  Hellion x3  
  131  13:37  Refinery  
  131  13:38  Orbital Command  
  132  13:47  Refinery  
  132  13:54  Missile Turret  
  138  14:05  Raven  
  138  14:07  Missile Turret  
  138  14:08  Corvid Reactor  
  131  14:24  Orbital Command  
  134  14:25  Refinery x2  
  134  14:26  Hellion x3  
  134  14:31  Starport Reactor  
  134  14:34  Viking x2  
  136  14:47  Hellion x3  
  136  14:50  Orbital Command  
  140  15:19  Viking x3  
  140  15:20  Viking  
  140  15:21  Raven  
  150  15:34  Supply Depot  
  150  15:35  Hellion x3  
  156  15:49  Viking x3  
  159  15:50  Viking  
  159  15:51  Starport  
  159  15:52  Starport x2  
  159  15:56  Hellion  
  153  16:12  Viking  
  153  16:14  Hellion x2  
  153  16:18  Hellion  
  152  16:19  Viking x2  
Show
View Real Time Build Order
Export as new Build Order

Lillekanin Terran 

Build Orders: Hellion Opening, Mech 

Get SALT Encoding   

  12  0:01  SCV  
  13  0:13  SCV  
  14  0:18  Supply Depot  
  14  0:25  SCV  
  15  0:29  Refinery  
  15  0:39  SCV  
  16  0:45  Barracks  
  16  0:51  SCV  
  17  1:03  SCV  
  18  1:16  SCV  
  20  1:34  Reaper  
  20  1:36  Orbital Command  
  20  1:51  Command Center  
  20  2:01  Factory  
  20  2:06  SCV  
  21  2:10  Barracks Reactor  
  21  2:18  SCV  
  21  2:20  Supply Depot  
  22  2:30  SCV, Refinery  
  23  2:42  SCV  
  24  2:47  Starport  
  24  2:51  Hellion  
  24  2:52  Hellion  
  28  3:01  SCV  
  28  3:04  Orbital Command  
  29  3:12  Marine  
  29  3:14  SCV  
  29  3:15  Hellion  
  35  3:20  Hellion  
  35  3:33  SCV  
  36  3:35  Barracks Tech Lab  
  36  3:37  SCV  
  36  3:38  Hellion  
  41  3:41  Hellion  
  41  3:45  SCV  
  42  3:52  Starport Reactor  
  42  3:55  Supply Depot  
  42  3:56  SCV  
  42  3:58  Supply Depot  
  45  4:05  SCV  
  46  4:11  Supply Depot  
  46  4:12  SCV  
  45  4:20  Command Center  
  45  4:25  SCV  
  45  4:28  Hellion  
  46  4:37  SCV  
  45  4:39  Medivac x2  
  45  4:40  SCV  
  45  4:41  Refinery  
  45  4:42  Refinery  
  50  4:49  SCV  
  51  4:53  Siege Tank  
  51  4:56  SCV  
  51  4:59  Factory x2  
  55  5:01  SCV  
  56  5:08  Liberator  
  56  5:09  SCV  
  56  5:13  SCV  
  58  5:22  SCV  
  58  5:25  Siege Tank, SCV  
  66  5:39  Supply Depot, SCV x2  
  66  5:40  Supply Depot  
  68  5:43  Factory Tech Lab  
  68  5:44  Hellion  
  68  5:45  Hellion  
  68  5:49  Supply Depot x2  
  72  5:52  Medivac  
  72  5:53  Supply Depot  
  72  5:55  SCV  
  72  5:56  Armory  
  75  5:58  Armory  
  75  6:00  Engineering Bay  
  75  6:05  Supply Depot  
  75  6:06  SCV  
  76  6:22  Supply Depot  
  76  6:24  Factory  
  76  6:25  Factory  
  76  6:26  Siege Tank  
  76  6:27  Hellion x2  
  76  6:31  SCV x3  
  86  6:33  Refinery  
  86  6:42  Siege Tank  
  86  6:46  SCV  
  89  6:51  Hellion, Planetary Fortress  
  89  6:52  Hellion  
  93  6:57  SCV  
  93  6:58  SCV  
  95  7:03  Supply Depot  
  95  7:07  Siege Tank  
  97  7:08  Factory Tech Lab  
  97  7:09  Factory Tech Lab  
  97  7:10  SCV  
  98  7:16  Siege Tank  
  105  7:23  Hellion x2  
  105  7:25  SCV x2  
  105  7:28  Command Center  
  105  7:29  SCV  
  108  7:31  Command Center  
  108  7:34  Refinery  
  108  7:35  Siege Tank  
  111  7:37  SCV  
  111  7:39  Medivac  
  111  7:43  Hellion x2  
  118  7:44  SCV x2  
  118  7:47  Terran Vehicle Weapons Level 1  
  118  7:49  Terran Vehicle And Ship Armor Level 1, SCV  
  121  7:58  Supply Depot  
  119  7:59  Supply Depot  
  119  8:00  Supply Depot  
  113  8:06  SCV, Hellion  
  116  8:17  Siege Tank x3  
  125  8:20  Medivac  
  125  8:22  SCV x2  
  125  8:24  Hellion x2  
  132  8:27  Supply Depot  
  132  8:28  Supply Depot, Hellion  
  132  8:33  Sensor Tower  
  132  8:34  SCV  
  134  8:39  Missile Turret  
  134  8:40  SCV  
  135  8:44  Orbital Command  
  135  8:46  Hellion  
  135  8:48  SCV x2  
  139  8:52  SCV  
  139  8:54  Medivac x2  
  144  9:00  SCV  
  145  9:05  SCV  
  146  9:11  Thor x2  
  146  9:12  Refinery  
  146  9:13  Sensor Tower  
  158  9:18  Supply Depot  
  158  9:20  Supply Depot  
  158  9:21  Supply Depot  
  156  9:25  Missile Turret  
  154  9:31  Cyclone  
  154  9:32  Cyclone  
  154  9:33  Mag-Field Accelerator  
  162  9:40  Viking x2  
  163  9:45  SCV  
  163  9:46  SCV  
  163  9:52  Starport  
  160  10:15  Command Center  
  160  10:16  Command Center  
  160  10:22  SCV  
  160  10:24  Thor  
  114  10:50  Command Center  
  114  10:52  Siege Tank  
  114  10:53  Hellion x2  
  101  11:06  Terran Vehicle Weapons Level 2  
  101  11:20  Starport Tech Lab  
  101  11:36  Orbital Command  
  101  11:43  Orbital Command  
  101  11:48  Corvid Reactor  
  101  11:50  Engineering Bay  
  101  11:53  Terran Vehicle And Ship Armor Level 2  
  101  12:01  Refinery x2  
  101  12:02  Starport  
  101  12:04  Starport  
  101  12:25  Raven  
  103  12:32  Missile Turret  
  103  12:42  Sensor Tower  
  103  12:43  SCV  
  99  12:57  Viking x2  
  103  13:10  Siege Tank x2  
  103  13:11  Hellion  
  103  13:12  Starport Tech Lab  
  111  13:13  Starport Tech Lab  
  107  13:36  SCV  
  107  13:37  SCV  
  94  13:50  SCV x2  
  81  13:58  Orbital Command  
  79  14:08  Siege Tank x2  
  79  14:09  Siege Tank x2  
  90  14:31  Terran Vehicle Weapons Level 3  
  90  14:33  Raven  
  92  14:40  Siege Tank  
  95  14:52  SCV  
  80  15:17  SCV  
  77  15:22  SCV  
  77  15:25  SCV  
  76  15:29  SCV  
  72  15:46  SCV  
  65  16:11  SCV x2, Hellion x2  
  38  16:12  Hellion  
  38  16:15  Siege Tank  
  38  16:16  SCV  
  38  16:23  SCV x2  
  36  16:28  SCV  
  36  16:35  SCV  
Tags
 
Add a new tag
Caveats
  • Supply blocks, unpowered buildings, or Contaminate may cause inaccurate times.
  • Supply counts are checked every 10 seconds.